 Dungeon Crawl Stone Soup version 0.31.0-12-g77e489cdc1 (webtiles) character file.

Game seed: 11505995593181576993

235 Silvore the Chopper (level 5, 0/47 HPs)
             Began as a Minotaur Fighter on Feb 22, 2024.
             Slain by a gnoll
             ... wielding a +0 spear
              (3 damage)
             ... on level 4 of the Dungeon.
             The game lasted 00:01:44 (1438 turns).

Silvore the Chopper (Minotaur Fighter)              Turns: 1438, Time: 00:01:45

Health: 0/47       AC:  7    Str: 22    XL:     5   Next: 76%
Magic:  4/4        EV:  9    Int:  5    God:
Gold:   123        SH:  4    Dex: 10    Spells: 4/4 levels left

rFire   . . .        a - +0 war axe
rCold   . . .        c - +0 buckler
rNeg    . . .        b - +0 scale mail
rPois   .            (helmet restricted)
rElec   .            (no cloak)
rCorr   .            (no gloves)
SInv    .            (no boots)
Will    .....        (no amulet) Stlth
                     (no ring)
HPRegen 0.27/turn    (no ring)
MPRegen 0.09/turn

%: no passive effects
@: no status effects
A: horns 2, retaliatory headbutt
a: no special abilities


You were on level 4 of the Dungeon.
You visited 1 branch of the dungeon, and saw 3 of its levels.

You collected 123 gold pieces.

Inventory:

Hand Weapons
 a - a +0 war axe (weapon)
Armour
 b - a +0 scale mail (worn)
 c - a +0 buckler (worn)
Scrolls
 g - a scroll of fog
 h - a scroll of identify {unknown}
Potions
 d - a potion of berserk rage {unknown}
 e - 3 potions of heal wounds {unknown}
 f - a potion of curing {unknown}


   Skills:
 + Level 4.5 Fighting
 + Level 5.2 Axes
 + Level 5.0 Armour
 + Level 0.6 Dodging
 + Level 0.1 Stealth
 + Level 4.3 Shields


You had 4 spell levels left.
You didn't know any spells.
Your spell library contained the following spells:

 Spells                   Type           Power      Damage    Failure   Level
 Apportation              Tloc           0%         N/A       85%         1
 Jinxbite                 Hex            0%         N/A       94%         2
 Alistair's Intoxication  Alch           0%         N/A       100%        5


Dungeon Overview and Level Annotations

Branches:
Dungeon (2/15)

Altars:
Ru
Wu Jian

Shops:
D:1 (


Innate Abilities, Weirdness & Mutations

You have a pair of horns on your head.
You reflexively headbutt those who attack you in melee.


Message History

A gnoll comes into view. It is wielding a +1 spear of freezing.
The gnoll hits you but does no damage.
You slash the gnoll! Your headbutt misses the gnoll.
The gnoll is severely wounded.
The gnoll barely misses you.
You slash the gnoll!
You kill the gnoll!
A gnoll comes into view. It is wielding a +0 whip.
Your Armour skill increases to level 5!
Things that are here:
a +0 spear; a ring of wizardry The gnoll closely misses you.
Unknown command.
The gnoll hits you from afar with a +0 spear.
You feel a little less mighty now.
The gnoll hits you from afar with a +0 spear.
A hobgoblin comes into view.
The hobgoblin shouts!
You hear a shout!
The gnoll attacks as it pursues you!
The gnoll hits you from afar with a +0 spear.
An adder comes into view.
A kobold comes into view. It is wielding a +0 dagger.
Found an ornate altar of the Wu Jian Council.
The adder hisses angrily.
The kobold shouts!
You hear a shout! x2
The gnoll attacks as it pursues you!
The gnoll hits you from afar with a +0 spear.
* * * LOW HITPOINT WARNING * * *
The hobgoblin barely misses you.
You closely miss the hobgoblin. The hobgoblin barely misses you.
The gnoll hits you from afar with a +0 spear.
* * * LOW HITPOINT WARNING * * *
You block the gnoll's attack. The gnoll hits you with a +0 spear.
* * * LOW HITPOINT WARNING * * *
You closely miss the gnoll. You barely miss the hobgoblin.
The gnoll hits you from afar with a +1 spear of freezing.
* * * LOW HITPOINT WARNING * * *
The gnoll freezes you.
* * * LOW HITPOINT WARNING * * *
You block the hobgoblin's attack. The gnoll hits you with a +0 spear.
You die...

._... ... ...
... #.# #S#
#K# ...... #g#
...... #@#
......##g#
.....#g#
..$.#g# .#
#..#.###### .#
#..#......##.#
#.)........#.#
#.....)..).#.#
#.....###..#.#


You could see 3 gnolls, an adder, a hobgoblin and a kobold.

Vanquished Creatures
  A sky beast (D:4)
  A scorpion (D:4)
  A gnoll (D:4)
  3 adders (D:2)
  2 dart slugs (D:2)
  6 bats
  2 endoplasms (D:1)
  4 giant cockroaches (D:1)
  6 goblins
  9 hobgoblins
  2 quokkas
  4 ball pythons
  A frilled lizard (D:1)
  4 kobolds
  4 rats (D:1)
50 creatures vanquished.

Notes
Turn   | Place    | Note
-------+----------+-------------------------------------------
     0 | D:1      | Silvore the Minotaur Fighter began the quest for the Orb.
     0 | D:1      | Reached XP level 1. HP: 19/19 MP: 0/0
   105 | D:1      | Found Geepips's Antique Weapon Shop.
   113 | D:1      | Reached XP level 2. HP: 27/27 MP: 1/1
   675 | D:1      | Reached XP level 3. HP: 33/33 MP: 2/2
   683 | D:1      | Found a faded altar of an unknown god.
  1046 | D:2      | Found a sacrificial altar of Ru.
  1294 | D:2      | Reached XP level 4. HP: 40/40 MP: 3/3
  1317 | D:2      | You fall into a shaft and drop 2 floors!
  1375 | D:4      | Noticed a sky beast
  1387 | D:4      | Killed a sky beast
  1388 | D:4      | Reached XP level 5. HP: 13/47 MP: 4/4
  1417 | D:4      | Reached skill level 5 in Axes
  1425 | D:4      | Reached skill level 5 in Armour
  1435 | D:4      | Found an ornate altar of the Wu Jian Council.
  1438 | D:4      | Slain by a gnoll

Illustrated notes

Levels and vault maps discovered:
D:1:      dpeg_arrival_subterranean_lakeside_camping, layout_basic,
          serial_glass, glass_columns_a, glass_columns_a, feat_on_display,
          item_on_display_a, minmay_strange_pillars, due_unseen_surprise,
          serial_shops, shop, hellmonk_ecumenical_altar_inner_sanctum,
          minmay_pentomino_w2
D:2:      layout_loops_ring, basic_altar
D:4:      layout_basic, chequers_temple_overflow_statue_of_worship,
          minmay_temple_entry_proselytizer

Skill      XL: |  1  2  3  4  5 |
---------------+----------------+-----
Fighting       | 4 |  4.5
Armour         | 4 5 |  5.0
Axes           | 3 4 5 |  5.2
Shields        | 4 |  4.3
Dodging        | |  0.6
Stealth        | |  0.1

Action                     |  1- 3 |  4- 6 || total
---------------------------+-------+-------++-------
  Melee: War axe           |    70 |    22 ||    92
         Headbutt          |     8 |     2 ||    10
    Use: Scroll            |     1 |       ||     1
         Potion            |       |     1 ||     1
 Armour: Scale mail        |    52 |    30 ||    82
  Dodge: Dodged            |    34 |     6 ||    40
  Block: Buckler           |    22 |     5 ||    27
